 Dungeon Crawl Stone Soup version 0.30.0-10-gfe55d96785 (webtiles) character file.

Game seed: 4471817948069252556

12800 dolemite99 the Magus (level 11, -1/117 HPs)
             Began as a Demonspawn Monk on May 14, 2023.
             Was an Elder of Nemelex Xobeh.
             Slain by a cane toad (4 damage)
             ... on level 1 of the Lair of Beasts.
             The game lasted 00:32:11 (14947 turns).

dolemite99 the Magus (Demonspawn Monk)             Turns: 14947, Time: 00:32:12

Health: -1/117     AC: 25    Str: 13 (15) XL:     11   Next: 67%
Magic:  23/23      EV:  2    Int: 10 (13) God:    Nemelex Xobeh [****..]
Gold:   240        SH:  0    Dex: 12 (15) Spells: 10/10 levels left

rFire   . .          .
                       - Unarmed
rCold   . . .        c - orb {light}
rNeg    . . .        z - melded +5 chain mail "Tisked" {rN++ Stlth+}
rPois   +            u - melded +2 helmet
rElec   .            (cloak currently unavailable)
rCorr   .            q - melded +2 pair of gloves
SInv    .            (boots currently unavailable)
Will    .....        (no amulet)
Stlth   +            w - ring of wizardry
HPRegen 0.39/turn    (no ring)
MPRegen 0.18/turn

%: wizardry (x1)
@: brilliant, lethally poisoned (-1 -> -3), tree-form, glowing
A: stationary, stasis, torment immunity, boosted hp, powered by pain 2, (spiny
1), (weakness stinger 2)
a: Renounce Religion, Draw Escape, Draw Destruction, Draw Summoning, Triple
Draw, Deal Four


You were on level 1 of the Lair of Beasts.
You worshipped Nemelex Xobeh.
Nemelex Xobeh was greatly pleased with you.
You were a tree.
You visited 2 branches of the dungeon, and saw 11 of its levels.

You collected 520 gold pieces.
You spent 280 gold pieces at shops.

Inventory:

Hand Weapons
 a - a +1 sling
 H - a +3 war axe
Missiles
 o - 8 poisoned darts (quivered)
 p - 11 boomerangs
 E - 4 silver javelins
Armour
 c - an orb of light (worn)
 q - a +2 pair of gloves (melded)
 u - a +2 helmet (melded)
 z - the +5 chain mail "Tisked" (melded) {rN++ Stlth+}
   (You found it on level 6 of the Dungeon)

   rN:        It greatly protects you from negative energy.
   Stlth:     It makes you more stealthy.
Magical Staves
 F - a staff of air
Jewellery
 w - a ring of wizardry (left branch)
 G - an amulet of the acrobat
Wands
 t - a wand of charming (22)
 y - a wand of polymorph (13)
 I - a wand of roots (3)
Scrolls
 e - 3 scrolls of immolation
 f - 3 scrolls of vulnerability
 r - 3 scrolls of fog
 s - 7 scrolls of teleportation
 v - a scroll of magic mapping
 D - 2 scrolls of enchant weapon
Potions
 b - 2 potions of invisibility
 g - 4 potions of haste
 h - a potion of degeneration
 k - a potion of ambrosia
 l - a potion of magic


   Skills:
 + Level 4.7 Fighting
 - Level 2.6 Dodging
 - Level 12.5 Unarmed Combat
 - Level 16.3 Invocations


You had 10 spell levels left.
You didn't know any spells.
Your spell library contained the following spells:

 Spells                   Type           Power      Damage    Failure   Level
 Lesser Beckoning         Tloc           0%         N/A       22%         2
 Call Canine Familiar     Summ           0%         N/A       41%         3
 Gell's Gravitas          Tloc           0%         N/A       41%         3
 Portal Projectile        Hex/Tloc       0%         N/A       41%         3
 Teleport Other           Tloc           0%         N/A       41%         3
 Leda's Liquefaction      Hex/Erth       0%         N/A       80%         4


Dungeon Overview and Level Annotations

Branches:
Dungeon (10/15)            Temple (0/1) D:6            Lair (1/5) D:10
    Orc: D:9-12

Altars:
Cheibriados
Dithmenos
Fedhas
Gozag
Hepliaklqana
Kikubaaqudgha
Makhleb
Nemelex Xobeh
Sif Muna
Trog
Uskayaw
Xom
Yredelemnul

Shops:
D:2 ?

Annotations:
D:1 exclusion: downstairs
D:9 2 transporters
D:10 Josephine


Innate Abilities, Weirdness & Mutations

You are a tree.
Your roots penetrate the ground, keeping you stationary.
You cannot be teleported.
You are immune to unholy pain and torment.
Your maximum health is greatly increased.
Your equipment is partially melded.
You sometimes gain power by taking damage.
((You are partially covered in sharp spines.))
((You have a tail ending in a sharp stinger.))


Message History

You feel less wooden.
Your +2 helmet unmelds from your body.
Your +2 pair of gloves unmelds from your body.
The +5 chain mail "Tisked" {rN++ Stlth+} unmelds from your body.
You feel a little less mighty now.
* * * LOW HITPOINT WARNING * * *
You feel very sick.
The cane toad stings you but does no damage.
It was a potion of brilliance.
You feel clever all of a sudden.
* * * LOW HITPOINT WARNING * * *
You feel very sick. The cane toad is struck by your spines.
The cane toad stings you but does no damage.
Really quaff the potion of lignification?
You turn into a tree.
Your +2 helmet melds into your body.
Your +2 pair of gloves melds into your body.
The +5 chain mail "Tisked" {rN++ Stlth+} melds into your body.
Your roots penetrate the ground.
You feel very sick. The cane toad stings you!
* * * LOW HITPOINT WARNING * * *
You are confused.
You feel invigorated.
* * * LOW HITPOINT WARNING * * *
You feel very sick.
The cane toad stings you but does no damage.
The cane toad stings you.
* * * LOW HITPOINT WARNING * * *
* * * LOW HITPOINT WARNING * * *
You feel sick.
The cane toad stings you but does no damage.
You feel sick. The cane toad stings you!
* * * LOW HITPOINT WARNING * * *
You feel less invigorated.
You feel less confused.
* * * LOW HITPOINT WARNING * * *
You feel sick. The cane toad stings you.
You die...
Your body glows slightly brighter and disappears.

#.## ♣. .( #..# ..h #..#
.... ####..# ### #♣....
#.###.#######.## #.((.
#..............###
##..(♣
.......#.........#
##...#
†...........†...†###...#
..########.###..♣.#...##
.## #####..F.....# ##
#.......#### #
#.........#.#
#.#.###.#..## #..[##
##....# #...# #....#
....# #...## ...# ##...#


You could see a cane toad.

Vanquished Creatures
  A two-headed ogre (D:10)
  A harpy (D:10)
  A rust devil (D:9)
  2 orange demons (D:9)
  A rime drake (D:10)
  2 cane toads (Lair:1)
  An unseen horror zombie (D:9)
  A komodo dragon (Lair:1)
  A red devil (D:9)
  A troll (Lair:1)
  Sigmund (D:2)
  A wraith (D:10)
  A neqoxec (D:9)
  A steam dragon (D:7)
  2 water moccasins
  A swamp drake (D:9)
  5 ice beasts
  3 orc warriors
  A sky beast (D:6)
  22 wolves
  2 centaurs
  2 phantoms
  3 kobold brigands
  A gnoll sergeant (D:10)
  3 bullfrogs
  A scorpion (D:5)
  3 wights
  A ballistomycete (D:8)
  12 killer bees
  4 howler monkeys
  2 electric eels
  2 centaur zombies (D:9)
  2 hounds (D:5)
  A jelly (D:10)
  3 quasits (D:9)
  2 orc priests
  3 sleepcaps
  Jessica (D:2)
  3 iguanas
  6 orc wizards
  3 howler monkey zombies (D:9)
  16 gnolls
  5 adders
  A river rat (D:10)
  2 shadow imps
  2 white imps (D:6)
  2 worms
  4 dart slugs
  38 orcs
  6 ball pythons
  3 bats (D:1)
  7 endoplasms
  3 giant cockroaches (D:1)
  9 goblins
  3 hobgoblins
  4 jackals (D:1)
  42 kobolds
  3 quokkas
  5 rats
265 creatures vanquished.

Vanquished Creatures (collateral kills)
  A sun demon (D:9)
  An ice devil (D:9)
  A red devil (D:9)
  2 hornets
  3 yaks (D:9)
  4 wolves (Lair:1)
  A wight (D:9)
  2 killer bees (D:9)
  2 centaur zombies (D:9)
  A quasit (D:9)
  A hound (D:6)
  2 orc wizards
  8 gnolls (D:5)
  2 howler monkey zombies (D:9)
  8 orcs
  2 hobgoblins (D:5)
  9 kobolds (D:5)
50 creatures vanquished.

Vanquished Creatures (others)
  A black mamba (Lair:1)
  2 gnolls
  2 ballistomycete spores (D:8)
5 creatures vanquished.

Grand Total: 320 creatures vanquished

Notes
Turn   | Place    | Note
-------+----------+-------------------------------------------
     0 | D:1      | dolemite99 the Demonspawn Monk began the quest for the Orb.
     0 | D:1      | Reached XP level 1. HP: 18/18 MP: 1/1
   185 | D:1      | Gained mutation: You sometimes gain a little power by
                  | taking damage. [demonic ancestry]
   185 | D:1      | Reached XP level 2. HP: 24/24 MP: 2/2
   436 | D:1      | Gained mutation: You sometimes gain power by taking damage.
                  | [demonic ancestry]
   436 | D:1      | Reached XP level 3. HP: 29/29 MP: 3/3
  1101 | D:2      | Noticed Sigmund
  1409 | D:2      | Noticed Jessica
  1419 | D:2      | Killed Jessica
  1420 | D:2      | Gained mutation: You have a small tail. [demonic ancestry]
  1420 | D:2      | Reached XP level 4. HP: 28/35 MP: 4/4
  2523 | D:3      | Reached skill level 5 in Unarmed Combat
  3129 | D:4      | Found a sparkling altar of Nemelex Xobeh.
  3161 | D:4      | Reached XP level 5. HP: 35/41 MP: 5/5
  3789 | D:5      | Entered Level 5 of the Dungeon
  3898 | D:6      | Reached XP level 6. HP: 47/47 MP: 6/6
  3927 | D:6      | Identified the +5 chain mail "Tisked" {rN++ Stlth+}
  4292 | D:4      | Became a worshipper of Nemelex Xobeh the Trickster
  4292 | D:4      | Reached * piety under Nemelex Xobeh
  4292 | D:4      | Received a gift from Nemelex Xobeh
  4292 | D:4      | Reached ** piety under Nemelex Xobeh
  4320 | D:5      | Found a hazy altar of Hepliaklqana.
  4503 | D:5      | Received a gift from Nemelex Xobeh
  4554 | D:5      | Reached skill level 2 in Invocations
  4594 | D:5      | Reached XP level 7. HP: 52/52 MP: 8/8
  4676 | D:5      | Reached skill level 3 in Invocations
  4793 | D:5      | Reached skill level 4 in Invocations
  5125 | D:5      | Reached skill level 5 in Invocations
  5394 | D:5      | Reached skill level 6 in Invocations
  6016 | D:2      | Found Foku's Magic Scroll Emporium.
  6024 | D:2      | Bought a scroll of teleportation for 42 gold pieces
  6024 | D:2      | Bought a scroll of teleportation for 42 gold pieces
  6024 | D:2      | Bought a scroll of identify for 28 gold pieces
  6025 | D:2      | Bought a scroll of identify for 28 gold pieces
  6025 | D:2      | Bought a scroll of teleportation for 42 gold pieces
  6025 | D:2      | Bought a scroll of teleportation for 42 gold pieces
  6026 | D:2      | Bought a scroll of fog for 56 gold pieces
  6080 | D:2      | Killed Sigmund
  6081 | D:2      | Reached skill level 7 in Invocations
  6081 | D:2      | Reached XP level 8. HP: 42/58 MP: 11/13
  6431 | D:6      | Found an opulent altar of Gozag.
  6432 | D:6      | Found a shadowy altar of Dithmenos.
  6445 | D:6      | Found a bloodstained altar of Trog.
  6538 | D:6      | Noticed a hornet
  6546 | D:6      | Reached skill level 8 in Invocations
  6556 | D:6      | Killed a hornet
  6693 | D:6      | Reached skill level 9 in Invocations
  6995 | D:6      | Found a staircase to the Ecumenical Temple.
  7200 | D:7      | Received a gift from Nemelex Xobeh
  7200 | D:7      | Reached *** piety under Nemelex Xobeh
  7526 | D:7      | Found a snail-covered altar of Cheibriados.
  7648 | D:7      | Reached skill level 10 in Invocations
  8160 | D:7      | Reached XP level 9. HP: 47/63 MP: 16/16
  8714 | D:8      | Received a gift from Nemelex Xobeh
  8836 | D:8      | Found an ancient bone altar of Kikubaaqudgha.
  8975 | D:8      | Found a hide-covered altar of Uskayaw.
  9748 | D:8      | Reached skill level 11 in Invocations
  9878 | D:9      | Noticed a rust devil
  9892 | D:9      | Killed a rust devil
 10067 | D:9      | Received a gift from Nemelex Xobeh
 10086 | D:9      | Reached **** piety under Nemelex Xobeh
 10104 | D:9      | Noticed an orange demon
 10106 | D:9      | Killed an orange demon
 10107 | D:9      | Reached skill level 12 in Invocations
 10139 | D:9      | Noticed Maggie
 10145 | D:9      | Maggie changed into Maggie the swamp drake
 10145 | D:9      | Noticed Maggie
 10159 | D:9      | Killed Maggie the swamp drake
 10168 | D:9      | Noticed an orange demon
 10172 | D:9      | Killed an orange demon
 10173 | D:9      | Reached skill level 10 in Unarmed Combat
 10173 | D:9      | Gained mutation: You have a tail ending in a sharp stinger.
                  | [demonic ancestry]
 10173 | D:9      | Reached XP level 10. HP: 63/70 MP: 19/19
 10211 | D:9      | Noticed a sun demon
 10222 | D:9      | Killed a sun demon
 10223 | D:9      | Reached skill level 13 in Invocations
 10670 | D:9      | Found a transporter.
 10679 | D:9      | Noticed a fire dragon
 10682 | D:9      | Noticed a cyclops
 10696 | D:9      | Found a transporter.
 10697 | D:9      | Noticed a cyclops
 10711 | D:9      | Reached skill level 14 in Invocations
 10895 | D:9      | Found a burning altar of Makhleb.
 10918 | D:9      | Found a basalt altar of Yredelemnul.
 11104 | D:9      | Found a shimmering blue altar of Sif Muna.
 11324 | D:9      | Found a shimmering altar of Xom.
 11330 | D:9      | Found a shimmering altar of Xom.
 11337 | D:9      | Found a shimmering altar of Xom.
 11720 | D:9      | Found a blossoming altar of Fedhas.
 11759 | D:9      | Received a gift from Nemelex Xobeh
 11937 | D:10     | Entered Level 10 of the Dungeon
 12416 | D:10     | Found a staircase to the Lair.
 12434 | D:10     | Gained mutation: You are partially covered in sharp spines.
                  | [demonic ancestry]
 12434 | D:10     | Reached XP level 11. HP: 53/75 MP: 22/22
 12469 | D:10     | Reached skill level 15 in Invocations
 12857 | Lair:1   | Entered Level 1 of the Lair of Beasts
 14068 | D:10     | a komodo dragon changed into a harpy
 14068 | D:10     | Noticed a harpy
 14082 | D:10     | Noticed a centaur warrior
 14246 | D:10     | Killed a harpy
 14247 | D:10     | Reached skill level 16 in Invocations
 14255 | D:10     | Noticed a two-headed ogre
 14266 | D:10     | Killed a two-headed ogre
 14519 | D:10     | Identified the +2 leather armour "Ipuyfelaris" {Int+3
                  | Dex+4}
 14528 | D:10     | Noticed Josephine
 14944 | Lair:1   | HP: 5/117 [cane toad (1)]
 14946 | Lair:1   | HP: 2/117 [cane toad (9)]
 14947 | Lair:1   | Slain by a cane toad

Illustrated notes

Levels and vault maps discovered:
D:1:      dpeg_arrival_boxorama, layout_basic
D:2:      layout_rooms, serial_shops, shop, uniq_jessica, uniq_sigmund
D:3:      layout_loops_corners
D:4:      layout_loops_ring, mainiacjoe_overflow_small_starburst,
          minmay_misc_feat_chi
D:5:      minmay_goblin_kobold_castle, layout_cave_pools,
          mainiacjoe_overflow_concentric_impassable, grunt_ministairs_6,
          guppyfry_early_lair_pool
D:6:      layout_rooms, nicolae_overflow_quartered_altars,
          minmay_temple_entry_wispy, grunt_tough_drop
D:7:      layout_loops_ring, cheibrodos_worm_habitat, fountainhead,
          minmay_misc_feat_roman
D:8:      layout_basic, lemuel_crystal_altar,
          nicolae_kikubaaqudgha_miasma_corner
D:9:      layout_irregular_city, nicolae_yredelemnul_corpse_copse,
          xom_redecorated, fedhas_altar_1, gammafunk_temple_overflow_arena,
          serial_demonic, serial_demonic_a, serial_demonic_e, serial_demonic_b,
          serial_demonic_e, serial_demonic_b, serial_demonic_a,
          serial_demonic_a, uniq_maggie
D:10:     layout_cave_pools, zin_scriptorium, hellmonk_lair_entry_icy,
          serial_column_ruins, column_ruins_hut_ruined,
          column_ruins_columns_straight, column_ruins_open_tiny,
          column_ruins_open_medium, column_ruins_open_tiny,
          column_ruins_columns_corner, column_ruins_columns_straight,
          uniq_josephine
Lair:1:   layout_concentric_octagons, grunt_forest_large_clearings,
          infiniplex_staircase_pool

Skill      XL: |  1  2  3  4  5  6  7  8  9 10 11 |
---------------+----------------------------------+-----
Unarmed Combat | 3 4 5 6 7 8 10 11 12 | 12.5
Invocations    | 2 7 10 12 14 16 | 16.3
Fighting       | 4 |  4.7
Dodging        | |  2.6

Action                     |  1- 3 |  4- 6 |  7- 9 | 10-12 || total
---------------------------+-------+-------+-------+-------++-------
  Melee: Unarmed           |   101 |   153 |   284 |   300 ||   838
         Tailslap          |       |    24 |    50 |    68 ||   142
         Sling             |       |     2 |       |       ||     2
   Fire: Sling             |     6 |     2 |       |       ||     8
  Throw: Javelin           |       |     9 |    35 |       ||    44
         Dart              |       |       |    16 |    32 ||    48
 Invoke: Draw Destruction  |       |       |    20 |     8 ||    28
         Draw Summoning    |       |       |     5 |     8 ||    13
         Draw Escape       |       |       |       |     4 ||     4
  Evoke: Wand              |       |       |     9 |     6 ||    15
    Use: Scroll            |     4 |     7 |     3 |     8 ||    22
         Potion            |     1 |       |     4 |    12 ||    17
   Stab: Distracted        |       |       |     1 |       ||     1
         Confused          |       |       |     1 |       ||     1
 Armour: Robe              |    19 |     1 |       |       ||    20
         Ring mail         |       |    19 |       |       ||    19
         Scale mail        |       |    19 |       |       ||    19
         Chain mail        |       |    19 |   224 |   271 ||   514
         Skin              |       |       |       |     2 ||     2
  Dodge: Dodged            |    74 |    92 |   133 |   151 ||   450
